TOP OF THE 1ST |
Tijuana Toros batting - Pitching for Portland Angels : RHP Chris Adams
|
Pitching: RHP Chris Adams
|
|
Batting: RHB Theo Schepers
|
0-0: Ball 1-0: Ball 2-0: Called Strike 2-1: SINGLE (Flyball, 5D, EV 95.0 MPH)
|
Batting: LHB Steve Pond
|
0-0: Ball 1-0: Swinging Strike 1-1: Foul Ball, location: 2F 1-2: Strikes out swinging
|
Batting: RHB Chad Rojas
|
0-0: Ball 1-0: Ball 2-0: Called Strike 2-1: Fly out, F8 (Line Drive, 8LD, EV 91.3 MPH)
|
Batting: LHB Nate Kee
|
0-0: Swinging Strike 0-1: Called Strike 0-2: Ball 1-2: Strikes out swinging
|
Top of the 1st over - 0 runs, 1 hit, 0 errors, 1 left on base; Tijuana 0 - Portland 0 |
BOTTOM OF THE 1ST |
Portland Angels batting - Pitching for Tijuana Toros : LHP Bryan Rouse
|
Pitching: LHP Bryan Rouse
|
|
Batting: RHB Jon Shonka
|
0-0: Ball 1-0: Swinging Strike 1-1: Ball 2-1: Swinging Strike 2-2: Foul Ball, location: 2F 2-2: Ball 3-2: Fly out, F9 (Line Drive, 9D, EV 98.1 MPH)
|
Batting: RHB Khalil Thurston
|
0-0: Ball 1-0: Ball 2-0: Ball 3-0: Called Strike 3-1: Swinging Strike 3-2: Base on Balls
|
Batting: LHB Mario Anguiano
|
0-0: Ball 1-0: Swinging Strike 1-1: Ball 2-1: Foul Ball, location: 2F 2-2: Ball 3-2: Base on Balls Khalil Thurston to second
|
Batting: RHB Juan Rosa
|
0-0: Ball 1-0: Grounds into double play, 6-4-3 (Groundball, 6, EV 80.0 MPH)
|
Bottom of the 1st over - 0 runs, 0 hits, 0 errors, 1 left on base; Tijuana 0 - Portland 0 |
TOP OF THE 2ND |
Tijuana Toros batting - Pitching for Portland Angels : RHP Chris Adams
|
Batting: RHB Pat Adams
|
0-0: Called Strike 0-1: Ball 1-1: Ball 2-1: Swinging Strike 2-2: SINGLE (Groundball, 6S, EV 62.5 MPH) (infield hit)
|
Batting: SHB Shane Marcum
|
0-0: Swinging Strike 0-1: Swinging Strike 0-2: Ball 1-2: Strikes out swinging
|
Batting: RHB David Watkins
|
0-0: Ball 1-0: Grounds into double play, 4-6-3 (Groundball, 4, EV 83.1 MPH)
|
Top of the 2nd over - 0 runs, 1 hit, 0 errors, 0 left on base; Tijuana 0 - Portland 0 |
BOTTOM OF THE 2ND |
Portland Angels batting - Pitching for Tijuana Toros : LHP Bryan Rouse
|
Batting: LHB Spencer Palmer
|
0-0: Called Strike 0-1: Foul Ball, location: 2F 0-2: SINGLE (Line Drive, 6D, EV 100.0 MPH)
|
Batting: RHB Edward Hillock
|
0-0: Foul Ball, location: 2F 0-1: Fly out, F6 (Flyball, 6MD, EV 86.9 MPH)
|
Batting: RHB Dean LeCroy
|
0-0: Called Strike 0-1: Swinging Strike 0-2: Foul Ball, location: 2F 0-2: Foul Ball, location: 2F 0-2: SINGLE (Flyball, 89S, EV 95.0 MPH) Spencer Palmer to second Runner from 2nd tries for 3rd, OUT! 9-5
|
Batting: LHB Mark Reeg
|
0-0: Called Strike 0-1: DOUBLE (Line Drive, 8LXD, EV 106.3 MPH) Dean LeCroy to third Runner from 3rd tries for Home, SAFE, no throw by CF
|
Batting: SHB Danny Gelinas
|
0-0: Ball 1-0: Swinging Strike 1-1: Ground out 6-3 (Groundball, 6, EV 79.4 MPH)
|
Bottom of the 2nd over - 1 run, 3 hits, 0 errors, 1 left on base; Tijuana 0 - Portland 1 |
TOP OF THE 3RD |
Tijuana Toros batting - Pitching for Portland Angels : RHP Chris Adams
|
Batting: RHB Mike Kaczor
|
0-0: Ball 1-0: Fly out, F4 (Popup, 4, EV 65.6 MPH)
|
Batting: RHB Will Barksdale
|
0-0: Ball 1-0: Ground out 6-3 (Groundball, 6, EV 80.6 MPH)
|
Batting: RHB Theo Schepers
|
0-0: Ball 1-0: Called Strike 1-1: Ball 2-1: Ball 3-1: Foul Ball, location: 2F 3-2: Base on Balls
|
Batting: LHB Steve Pond
|
0-0: Ball Theo Schepers is caught stealing 2nd base 2-6
|
Top of the 3rd over - 0 runs, 0 hits, 0 errors, 0 left on base; Tijuana 0 - Portland 1 |
BOTTOM OF THE 3RD |
Portland Angels batting - Pitching for Tijuana Toros : LHP Bryan Rouse
|
Batting: RHB Jon Shonka
|
0-0: Called Strike 0-1: Ball 1-1: Foul Ball, location: 2F 1-2: Ball 2-2: Foul Ball, location: 2F 2-2: Ball 3-2: Foul Ball, location: 2F 3-2: Base on Balls
|
Pitching: RHP Jeff Lewis
|
|
Batting: RHB Khalil Thurston
|
0-0: Ball 1-0: Called Strike Jon Shonka steals 2nd base 1-1: Ball 2-1: Ball 3-1: Foul Ball, location: 2F 3-2: Foul Ball, location: 2F 3-2: Foul Ball, location: 2F 3-2: Fly out, F8 (Line Drive, 8LM, EV 93.1 MPH)
|
Batting: LHB Mario Anguiano
|
0-0: Called Strike 0-1: Ground out 4-3 (Groundball, 4, EV 99.4 MPH) Jon Shonka to third
|
Batting: RHB Juan Rosa
|
0-0: Ball 1-0: Ball 2-0: Ball 3-0: Base on Balls
|
Batting: LHB Spencer Palmer
|
0-0: Called Strike 0-1: Ball 1-1: Foul Ball, location: 2F 1-2: Ball 2-2: Ball 3-2: Fly out, F8 (Flyball, 8LD, EV 87.5 MPH)
|
Bottom of the 3rd over - 0 runs, 0 hits, 0 errors, 2 left on base; Tijuana 0 - Portland 1 |
TOP OF THE 4TH |
Tijuana Toros batting - Pitching for Portland Angels : RHP Chris Adams
|
Batting: LHB Steve Pond
|
0-0: Foul Ball, location: 2F 0-1: SINGLE (Line Drive, 9LS, EV 110.6 MPH)
|
Batting: RHB Chad Rojas
|
0-0: Fielders Choice at 2nd, 1-4 (Groundball, P, EV 65.0 MPH)
|
Batting: LHB Nate Kee
|
0-0: Ball 1-0: Ball 2-0: Ball 3-0: Called Strike 3-1: Called Strike 3-2: Foul Ball, location: 2F 3-2: Base on Balls Chad Rojas to second
|
Batting: RHB Pat Adams
|
0-0: Ball 1-0: Fly out, F3 (Line Drive, 3, EV 65.6 MPH)
|
Batting: SHB Shane Marcum
|
0-0: Foul Ball, location: 2F 0-1: Swinging Strike 0-2: Ball 1-2: Foul Ball, location: 2F 1-2: Foul Ball, location: 2F 1-2: Strikes out swinging
|
Top of the 4th over - 0 runs, 1 hit, 0 errors, 2 left on base; Tijuana 0 - Portland 1 |
BOTTOM OF THE 4TH |
Portland Angels batting - Pitching for Tijuana Toros : RHP Jeff Lewis
|
Pitching: RHP Gary Salazar
|
|
Batting: RHB Edward Hillock
|
0-0: Bunted foul 0-1: Ball 1-1: Ball 2-1: Swinging Strike 2-2: Ball 3-2: Strikes out swinging
|
Batting: RHB Dean LeCroy
|
0-0: Ball 1-0: Swinging Strike 1-1: Foul Ball, location: 2F 1-2: Fly out, F8 (Flyball, 8LM, EV 88.1 MPH)
|
Batting: LHB Mark Reeg
|
0-0: Ball 1-0: Ball 2-0: Called Strike 2-1: Called Strike 2-2: Strikes out swinging
|
Bottom of the 4th over - 0 runs, 0 hits, 0 errors, 0 left on base; Tijuana 0 - Portland 1 |
TOP OF THE 5TH |
Tijuana Toros batting - Pitching for Portland Angels : RHP Chris Adams
|
Batting: RHB David Watkins
|
0-0: Ball 1-0: Ball 2-0: Ball 3-0: Called Strike 3-1: Ground out 6-3 (Groundball, 56, EV 103.1 MPH)
|
Batting: RHB Mike Kaczor
|
0-0: Ball 1-0: Ball 2-0: Called Strike 2-1: Ball 3-1: Ground out 6-3 (Groundball, 6, EV 90.0 MPH)
|
Batting: RHB Will Barksdale
|
0-0: Ball 1-0: Called Strike 1-1: Ball 2-1: Swinging Strike 2-2: Foul Ball, location: 2F 2-2: Ball 3-2: Foul Ball, location: 2F 3-2: Foul Ball, location: 2F 3-2: Base on Balls
|
Batting: RHB Theo Schepers
|
0-0: Ball 1-0: Called Strike 1-1: Ball 2-1: Called Strike 2-2: Strikes out swinging
|
Top of the 5th over - 0 runs, 0 hits, 0 errors, 1 left on base; Tijuana 0 - Portland 1 |
BOTTOM OF THE 5TH |
Portland Angels batting - Pitching for Tijuana Toros : RHP Gary Salazar
|
Batting: SHB Danny Gelinas
|
0-0: Foul Ball, location: 2F 0-1: Foul Ball, location: 2F 0-2: Ball 1-2: Strikes out swinging
|
Pitching: RHP Alfredo Sanchez
|
|
Batting: RHB Jon Shonka
|
0-0: Ball 1-0: Ball 2-0: Swinging Strike 2-1: Ball 3-1: Foul Ball, location: 2F 3-2: Reached on error, E6 (Groundball, 6, EV 87.5 MPH)
|
Batting: RHB Khalil Thurston
|
0-0: Ball Jon Shonka steals 2nd base 1-0: Ground out 4-3 (Groundball, 4, EV 88.1 MPH) Jon Shonka to third
|
Batting: LHB Mario Anguiano
|
0-0: Swinging Strike 0-1: Swinging Strike 0-2: Foul Ball, location: 2F 0-2: Foul Ball, location: 2F 0-2: Ball 1-2: Ball 2-2: Strikes out swinging
|
Bottom of the 5th over - 0 runs, 0 hits, 1 error, 1 left on base; Tijuana 0 - Portland 1 |
TOP OF THE 6TH |
Tijuana Toros batting - Pitching for Portland Angels : RHP Chris Adams
|
Batting: LHB Steve Pond
|
0-0: Ball 1-0: Called Strike 1-1: Ground out 6-3 (Groundball, 6, EV 106.9 MPH)
|
Batting: RHB Chad Rojas
|
0-0: Ball 1-0: Foul Ball, location: 2F 1-1: Called Strike 1-2: Strikes out swinging
|
Batting: LHB Nate Kee
|
0-0: Called Strike 0-1: Ground out U3 (Groundball, 34S, EV 80.0 MPH)
|
Top of the 6th over - 0 runs, 0 hits, 0 errors, 0 left on base; Tijuana 0 - Portland 1 |
BOTTOM OF THE 6TH |
Portland Angels batting - Pitching for Tijuana Toros : RHP Alfredo Sanchez
|
Batting: RHB Juan Rosa
|
0-0: Ball 1-0: Ball 2-0: Foul Ball, location: 2F 2-1: Ball 3-1: Swinging Strike 3-2: Fly out, F8 (Line Drive, 8LM, EV 88.1 MPH)
|
Pitching: RHP Seved Landgre
|
|
Batting: LHB Spencer Palmer
|
0-0: Called Strike 0-1: Foul Ball, location: 2F 0-2: Foul Ball, location: 2F 0-2: Foul Ball, location: 2F 0-2: Foul Ball, location: 2F 0-2: Ball 1-2: Ball 2-2: Fly out, F2 (Popup, 2R, EV 95.6 MPH)
|
Batting: RHB Edward Hillock
|
0-0: Ball 1-0: Ball 2-0: Ball 3-0: Called Strike 3-1: Base on Balls
|
Batting: RHB Dean LeCroy
|
0-0: Ball 1-0: Called Strike 1-1: Hit by Pitch Edward Hillock to second
|
Batting: LHB Mark Reeg
|
0-0: Ball 1-0: Foul Ball, location: 2F 1-1: Foul Ball, location: 2F 1-2: Ball 2-2: Foul Ball, location: 2F 2-2: Ball 3-2: Foul Ball, location: 2F 3-2: SINGLE (Flyball, 78S, EV 82.5 MPH) Edward Hillock to third Dean LeCroy to second Edward Hillock scores Dean LeCroy to third
|
Pitching: RHP Jordan Amaker
|
|
Batting: SHB Danny Gelinas
|
0-0: Ball 1-0: Hit by Pitch Mark Reeg to second
|
Batting: RHB Jon Shonka
|
0-0: Called Strike 0-1: Foul Ball, location: 2F 0-2: Ball 1-2: Strikes out looking
|
Bottom of the 6th over - 1 run, 1 hit, 0 errors, 3 left on base; Tijuana 0 - Portland 2 |
TOP OF THE 7TH |
Tijuana Toros batting - Pitching for Portland Angels : RHP Chris Adams
|
Batting: RHB Pat Adams
|
0-0: Called Strike 0-1: Ball 1-1: Called Strike 1-2: Ball 2-2: Ball 3-2: Foul Ball, location: 2F 3-2: Fly out, F1 (Line Drive, P, EV 76.3 MPH)
|
Batting: SHB Shane Marcum
|
0-0: Ball 1-0: Called Strike 1-1: DOUBLE (Flyball, 78D, EV 110.0 MPH)
|
Batting: RHB David Watkins
|
0-0: Called Strike 0-1: Called Strike 0-2: Strikes out swinging
|
Pitching: RHP Eli Mercedes
|
|
Batting: RHB Mike Kaczor
|
0-0: Called Strike 0-1: Called Strike 0-2: Ball 1-2: Ball Wild Pitch! Shane Marcum to third 2-2: Foul Ball, location: 2F 2-2: Strikes out looking
|
Top of the 7th over - 0 runs, 1 hit, 0 errors, 1 left on base; Tijuana 0 - Portland 2 |
BOTTOM OF THE 7TH |
Portland Angels batting - Pitching for Tijuana Toros : RHP Jordan Amaker
|
Batting: RHB Khalil Thurston
|
0-0: Called Strike 0-1: Ball 1-1: Ball 2-1: Fly out, F9 (Flyball, 89M, EV 85.0 MPH)
|
Batting: LHB Mario Anguiano
|
0-0: Fly out, F9 (Line Drive, 9, EV 92.5 MPH)
|
Batting: RHB Juan Rosa
|
0-0: Ball 1-0: Called Strike 1-1: Ball 2-1: Foul Ball, location: 2F 2-2: Ball 3-2: Base on Balls
|
Batting: LHB Spencer Palmer
|
0-0: Fly out, F7 (Flyball, 7, EV 96.3 MPH)
|
Bottom of the 7th over - 0 runs, 0 hits, 0 errors, 1 left on base; Tijuana 0 - Portland 2 |
TOP OF THE 8TH |
Tijuana Toros batting - Pitching for Portland Angels : RHP Eli Mercedes
|
Now at 1B: Jon Shonka
|
|
Now at SS: Dan Burkhart
|
|
Batting: RHB Will Barksdale
|
0-0: Called Strike 0-1: Ground out 5-3 (Groundball, 5L, EV 86.9 MPH)
|
Batting: RHB Theo Schepers
|
0-0: Called Strike 0-1: Ball 1-1: Ball 2-1: SINGLE (Groundball, 3D, EV 105.0 MPH)
|
Batting: LHB Steve Pond
|
0-0: Ball 1-0: Ball 2-0: Foul Ball, location: 2F 2-1: Foul Ball, location: 2F 2-2: Fly out, F8 (Flyball, 8RD, EV 97.5 MPH)
|
Batting: RHB Chad Rojas
|
0-0: Ball 1-0: Ball 2-0: SINGLE (Groundball, 25, EV 74.4 MPH) (infield hit) Theo Schepers to second
|
Pitching: RHP Manuel Vega
|
|
Batting: LHB Nate Kee
|
0-0: Ball 1-0: Ground out 4-3 (Groundball, 4, EV 88.8 MPH)
|
Top of the 8th over - 0 runs, 2 hits, 0 errors, 2 left on base; Tijuana 0 - Portland 2 |
BOTTOM OF THE 8TH |
Portland Angels batting - Pitching for Tijuana Toros : RHP Jordan Amaker
|
Pitching: RHP Balinda Msrah
|
|
Batting: RHB Edward Hillock
|
0-0: Foul Ball, location: 2F 0-1: Foul Ball, location: 2F 0-2: Strikes out looking
|
Batting: RHB Dean LeCroy
|
0-0: Swinging Strike 0-1: Ball 1-1: Ball 2-1: Ground out 6-3 (Groundball, P, EV 81.3 MPH)
|
Batting: LHB Mark Reeg
|
0-0: Foul Ball, location: 2F 0-1: Swinging Strike 0-2: Ball 1-2: Strikes out swinging
|
Bottom of the 8th over - 0 runs, 0 hits, 0 errors, 0 left on base; Tijuana 0 - Portland 2 |
TOP OF THE 9TH |
Tijuana Toros batting - Pitching for Portland Angels : RHP Manuel Vega
|
Now in LF: Trevor Kingston
|
|
Now in CF: Areda Obote
|
|
Batting: RHB Pat Adams
|
0-0: Ball 1-0: Called Strike 1-1: SINGLE (Groundball, 6M, EV 102.5 MPH) (infield hit)
|
Batting: SHB Shane Marcum
|
0-0: Fly out, F5 (Popup, 56, EV 58.8 MPH)
|
Pinch Hitting: LHB Mesfin Azagba
|
0-0: SINGLE (Groundball, 6D, EV 94.4 MPH) Pat Adams to second
|
Batting: RHB Mike Kaczor
|
0-0: Called Strike 0-1: DOUBLE (Line Drive, 78D, EV 105.0 MPH) Pat Adams scores Mesfin Azagba to third
|
Batting: RHB Will Barksdale
|
0-0: Ground out 5-3 (Groundball, 56, EV 91.9 MPH)
|
Batting: RHB Theo Schepers
|
0-0: Called Strike 0-1: Swinging Strike 0-2: Ball 1-2: Strikes out swinging
|
Top of the 9th over - 1 run, 3 hits, 0 errors, 2 left on base; Tijuana 1 - Portland 2 |
|